 Dungeon Crawl Stone Soup version 0.21.1-1-g345015f (webtiles) character file.

65 Fang the Skirmisher (level 4, -6/29 HPs)
             Began as a Gargoyle Berserker on May 31, 2018.
             Was a Believer of Trog.
             Mangled by an orc warrior
             ... wielding a +2 glaive of flaming
              (10 damage)
             ... on level 2 of the Dungeon.
             The game lasted 00:02:01 (1410 turns).

Fang the Skirmisher (Gargoyle Berserker)            Turns: 1410, Time: 00:02:01

Health: -6/29      AC:  6    Str: 21 (22) XL:     4   Next: 14%
Magic:  4/4        EV: 12    Int:  5 (7)  God:    Trog [**....]
Gold:   32         SH:  0    Dex:  6 (9)  Spells: 3/3 levels left

rFire    . . .     SeeInvis .   a - +0 hand axe
rCold    . . .     Gourm    .   (no shield)
rNeg     + . .     Faith    .   b - +0 animal skin
rPois    ∞         Spirit   .   g - +1 hat
rElec    +         Reflect  .   (no cloak)
rCorr    .         Harm     .   (no gloves)
MR       .....                  (no boots)
Stlth    +.........             (no amulet)
HPRegen  0.09/turn              (no ring)
MPRegen  0.09/turn              (no ring)

@: no status effects
A: negative energy resistance 1, electricity resistance, unbreathing,
petrification resistance, rot immunity, AC +3
a: Berserk, Trog's Hand, Burn Spellbooks, Renounce Religion


You were on level 2 of the Dungeon.
You worshipped Trog.
Trog was pleased with you.
You were not hungry.

You visited 1 branch of the dungeon, and saw 2 of its levels.

You collected 32 gold pieces.

Inventory:

Hand Weapons
 a - a +0 hand axe (weapon)
Armour
 b - a +0 animal skin (worn)
 g - a +1 hat (worn)
Scrolls
 d - a scroll of enchant armour {unknown}
Potions
 f - a potion of berserk rage {unknown}
Comestibles
 c - 4 rations


   Skills:
 + Level 4.0 Fighting
 + Level 3.6 Axes
 + Level 2.2 Armour
 + Level 2.0 Dodging
 + Level 0.6 Stealth


You had 3 spell levels left.
You didn't know any spells.

Dungeon Overview and Level Annotations

Branches:
Dungeon (2/15)

Altars:


Innate Abilities, Weirdness & Mutations

You are resistant to torment.
Your stone body is resilient. (AC +3)
You are immune to poison.
You resist negative energy. (rN+)
You are resistant to electric shocks. (rElec)
You can survive without breathing.
You are immune to petrification.
You are immune to rotting.


Message History

You closely miss the orc.
The orc is moderately wounded.
The orc barely misses you.
The orc warrior hits you from afar with a glaive of flaming.
The orc warrior burns you.
You hit the orc.
The orc is almost dead.
The orc barely misses you.
You slash the orc!
You kill the orc!
Trog accepts your kill.
The orc warrior hits you from afar with a glaive of flaming!
The orc warrior burns you.
* * * LOW HITPOINT WARNING * * *
A goblin comes into view. It is wielding a club.
It was a potion of degeneration.
There was something very wrong with that liquid.
You feel weakened.
You feel dopey.
You feel clumsy.
The orc warrior hits you from afar with a glaive of flaming!
You die...

..# #.###
#.# #.# #.##
#†# ...##
#.# ....###.
#.#
........#
#.#
†...###.#
#.# ......#
#.######..##
........
#...@)ooo...
......##
########g###
...##...
...# .##
...# # #...


You could see an orc warrior, an orc priest, an orc and a goblin.

Vanquished Creatures
  An adder (D:2)
  A howler monkey skeleton (D:2)
  2 oozes (D:1)
  2 dart slugs (D:1)
  A leopard gecko (D:2)
  An orc (D:2)
  A giant cockroach (D:1)
  3 goblins
  2 hobgoblins (D:1)
  2 jackals (D:1)
  5 kobolds
  5 bats (D:1)
  2 frilled lizards
  9 rats
37 creatures vanquished.

Notes
Turn   | Place    | Note
-------+----------+-------------------------------------------
     0 | D:1      | Fang the Gargoyle Berserker began the quest for the Orb.
     0 | D:1      | Reached XP level 1. HP: 14/14 MP: 1/1
   127 | D:1      | Reached XP level 2. HP: 9/19 MP: 2/2
   778 | D:1      | Reached XP level 3. HP: 20/24 MP: 3/3
  1167 | D:2      | Reached ** piety under Trog
  1167 | D:2      | Reached skill level 4 in Fighting
  1167 | D:2      | Reached XP level 4. HP: 16/29 MP: 4/4
  1400 | D:2      | Noticed an orc warrior
  1410 | D:2      | Mangled by an orc warrior

Skill      XL: |  1  2  3 |
---------------+----------+-----
Axes           | 3 |  3.6
Dodging        | 2 |  2.0
Fighting       | 4 |  4.0
Armour         | |  2.2
Stealth        | |  0.6

Action                   |  1- 3 |  4- 6 || total
-------------------------+-------+-------++-------
Melee: Hand axe          |   101 |    27 ||   128
Invok: Berserk           |     2 |       ||     2
  Use: Potion            |       |     1 ||     1
 Stab: Sleeping          |     1 |       ||     1
  Eat: Chunk             |     1 |       ||     1
       Ration            |       |     1 ||     1
Armor: Animal skin       |    33 |     8 ||    41
Dodge: Dodged            |    92 |    20 ||   112
